 Dungeon Crawl Stone Soup version 0.27-a0-1084-g78b3836a5f (webtiles) character file.

Game seed: 460157284150988461

69 siradein the Chopper (level 4, -10/39 HPs)
             Began as a Hill Orc Monk on Apr 27, 2021.
             Killed by nerve-wracking pain
             ... invoked by a shadow imp
              (11 damage)
             ... on level 2 of the Dungeon.
             The game lasted 00:03:39 (1991 turns).

siradein the Chopper (Hill Orc Monk)                Turns: 1991, Time: 00:03:41

Health: -10/39     AC:  8    Str: 14    XL:     4   Next: 20%
Magic:  6/6        EV:  6    Int: 10    God:
Gold:   15         SH:  0    Dex: 13    Spells: 3/3 levels left

rFire    . . .     SeeInvis .   a - +0 hand axe
rCold    . . .     Faith    .   (no shield)
rNeg     . . .     Spirit   .   f - +0 chain mail
rPois    .         Reflect  .   (no helmet)
rElec    .         Harm     .   (no cloak)
rCorr    .         Rampage  .   (no gloves)
Will     .....                  (no boots)
Stlth    ..........             (no amulet)
HPRegen  0.13/turn              (no ring)
MPRegen  0.10/turn              (no ring)

@: no status effects
A: no striking features
a: no special abilities


You were on level 2 of the Dungeon.
You visited 1 branch of the dungeon, and saw 2 of its levels.

You collected 15 gold pieces.

Inventory:

Hand Weapons
 a - a +0 hand axe (weapon)
Armour
 f - a +0 chain mail (worn)
Scrolls
 d - a scroll of blinking {unknown}
Potions
 c - 2 potions of haste {unknown}
 e - a potion of mutation {unknown}


   Skills:
 - Level 3.6 Fighting
 + Level 5.7 Axes
 - Level 2.4 Dodging
 - Level 1.5 Stealth
 + Level 2.8 Invocations


You had 3 spell levels left.
You didn't know any spells.
Your spell library was empty.

Dungeon Overview and Level Annotations

Branches:
Dungeon (2/15)

Altars:
Makhleb


Message History

The shadow imp hits you.
* * * LOW HITPOINT WARNING * * *
You hit the shadow imp but do no damage.
The shadow imp is heavily wounded.
You miss the bat. You hit the kobold. You closely miss the hobgoblin.
The bat hits you but does no damage. x2; The kobold hits you with a +0 club.
* * * LOW HITPOINT WARNING * * *
The hobgoblin barely misses you.
The shadow imp grinds its teeth.
The shadow imp hits you but does no damage.
You hit the shadow imp but do no damage.
The shadow imp is heavily wounded.
You closely miss the bat. You hit the kobold.
You kill the kobold!
You hit the hobgoblin.
You kill the hobgoblin!
The bat hits you but does no damage. The shadow imp hits you.
* * * LOW HITPOINT WARNING * * *
You barely miss the shadow imp.
The shadow imp is heavily wounded.
You hit the bat but do no damage. The bat hits you.
* * * LOW HITPOINT WARNING * * *
The shadow imp barely misses you.
Unknown command.
You hit the shadow imp but do no damage.
The shadow imp is heavily wounded.
Your chain mail prevents you from hitting the bat.
You hit the dart slug but do no damage. The bat hits you but does no damage.
The goblin unwields a +0 club.
The goblin wields a +0 hunting sling.
The goblin shoots a stone.
The stone hits you.
* * * LOW HITPOINT WARNING * * *
The dart slug launches a dart at you. The slug dart misses you.
The shadow imp barely misses you.
You hit the shadow imp.
The shadow imp is severely wounded.
You completely miss the dart slug. The bat barely misses you.
The goblin shoots a stone.
The stone hits you but does no damage. The shadow imp gestures at you.
Pain shoots through your body!
You die...

........# ........#
......... ...#########
......... ....#........
........# ....#........
.......g# #...#........
......5)# #...#........
......b@####...####<...#
......w........# ####..
#...#..........# #.# #..
#..........# #.# #
#..........#######†#
##########.........#
#.(.......# #.........#
#.........)


You could see a shadow imp, a dart slug, a goblin and a bat.

Vanquished Creatures
  2 adders (D:2)
  A worm (D:2)
  4 bats (D:1)
  3 endoplasms (D:1)
  10 goblins
  6 hobgoblins
  4 jackals (D:1)
  5 kobolds
  4 ball pythons
  3 frilled lizards
  3 rats
45 creatures vanquished.

Notes
Turn   | Place    | Note
-------+----------+-------------------------------------------
     0 | D:1      | siradein the Hill Orc Monk began the quest for the Orb.
     0 | D:1      | Reached XP level 1. HP: 19/19 MP: 1/1
   129 | D:1      | Reached XP level 2. HP: 20/26 MP: 2/2
   405 | D:1      | Reached skill level 5 in Axes
   704 | D:1      | Reached skill level 1 in Invocations
   716 | D:1      | Reached XP level 3. HP: 26/31 MP: 2/4
  1343 | D:1      | Found a faded altar of an unknown god.
  1504 | D:2      | Found a burning altar of Makhleb.
  1896 | D:2      | Reached XP level 4. HP: 34/39 MP: 5/5
  1990 | D:2      | HP: 1/39 [goblin/stone (3)]
  1991 | D:2      | Killed from afar by a shadow imp

Illustrated notes

Levels and vault maps discovered:
D:1:      scummos_arrival_star, layout_loops_corners,
          shapermc_ecumenical_altar_hornbeckon, minmay_3d_cube
D:2:      layout_basic, basic_altar, minmay_bisected

Skill      XL: |  1  2  3 |
---------------+----------+-----
Axes           | 5 |  5.7
Invocations    | 1 2 |  2.8
Fighting       | |  3.6
Dodging        | |  2.4
Stealth        | |  1.5

Action                   |  1- 3 |  4- 6 || total
-------------------------+-------+-------++-------
Melee: Hand axe          |   126 |    18 ||   144
 Stab: Sleeping          |     4 |       ||     4
Armor: Robe              |    20 |       ||    20
       Chain mail        |     1 |    18 ||    19
Dodge: Dodged            |    84 |    14 ||    98

Table legend: (Time is in decaauts)
 A = Elapsed time spent in this place.
 B = Non-inter-level travel time spent in this place.
 C = Inter-level travel time spent in this place.
 D = Time resting spent in this place.
 E = Time spent auto-exploring this place.
 F = Levels seen in this place.
 G = Mean time per level.
                   A        B        C        D        E       F      G
               +--------+--------+--------+--------+--------+-----+--------+
         Total |   2003 |   1993 |     10 |    274 |   1364 |   2 | 1001.5 |
       Dungeon |   2003 |   1993 |     10 |    274 |   1364 |   2 | 1001.5 |
               +--------+--------+--------+--------+--------+-----+--------+

Top non-repeatable levels by time:
     D:1: 1496 daAuts
     D:2: 506 daAuts
